 Dungeon Crawl Stone Soup version 0.29.1-2-gbd0b4ee654 (webtiles) character file.

Game seed: 6623310395920799924

23 GorkyZ the Shield-Bearer (level 2, -1/29 HPs)
             Began as a Troll Fighter on Nov 18, 2022.
             Killed by divine providence
             ... invoked by an orc priest
              (17 damage)
             ... on level 2 of the Dungeon.
             The game lasted 00:04:07 (772 turns).

GorkyZ the Shield-Bearer (Troll Fighter)             Turns: 772, Time: 00:04:08

Health: -1/29      AC:  4    Str: 23    XL:     2   Next: 72%
Magic:  1/1        EV:  8    Int:  4    God:
Gold:   67         SH:  7    Dex:  9    Spells: 1/1 levels left

rFire   . . .      SeeInvis .   a - +0 trident
rCold   . . .      Faith    .   c - +0 kite shield
rNeg    . . .      Spirit   .   b - +0 robe
rPois   .          Reflect  .   (helmet restricted)
rElec   .          Harm     .   (no cloak)
rCorr   .          Rampage  .   (gloves unavailable)
Will    .....                   (boots unavailable)
Stlth   +.........              (no amulet)
HPRegen 0.89/turn               (no ring)
MPRegen 0.07/turn               (no ring)

@: no status effects
A: large, unfitting armour, claws 3, regeneration 1, shaggy fur 1, tough skin 1
a: no special abilities


You were on level 2 of the Dungeon.
You visited 1 branch of the dungeon, and saw 2 of its levels.

You collected 67 gold pieces.

Inventory:

Hand Weapons
 a - a +0 trident (weapon)
Missiles
 g - 5 poisoned darts
 i - 3 large rocks (quivered)
 j - 2 throwing nets
Armour
 b - a +0 robe (worn)
 c - a +0 kite shield (worn)
 k - a +0 robe
Scrolls
 e - a scroll of teleportation {unknown}
 f - a scroll of magic mapping {unknown}
 m - a scroll of noise {unknown}
 n - a scroll of identify {unknown}
 o - a scroll of silence {unknown}
Potions
 d - a potion of might
 h - a potion of haste {unknown}
 l - a potion of mutation {unknown}


   Skills:
 + Level 2.6 Fighting
 + Level 1.9 Polearms
 + Level 0.3 Throwing
 + Level 2.6 Dodging
 + Level 2.9 Shields


You had one spell level left.
You didn't know any spells.
Your spell library was empty.

Dungeon Overview and Level Annotations

Branches:
Dungeon (2/15)

Altars:


Innate Abilities, Weirdness & Mutations

You are too large for most types of armour.
You have claws for hands.
Your natural rate of healing is unusually fast.
You are covered in fur. (AC +1)
You have tough skin. (AC +1)


Message History

Found a stone staircase leading down.
i - 6 large rocks (gained 1)
There is a stone staircase leading down here.
You now have 67 gold pieces (gained 14).
n - a scroll labelled IRINLOERYI
o - a scroll labelled RIGULU KUEKH 2 orcs come into view.
The orc shouts! x2
An orc comes into view. It is wielding a +0 flail.
The orc shouts!
An orc priest comes into view. It is wielding a +0 mace.
Throw: 6 large rocks
Press: ? - help, Q - select action, (/) - cycle Shift-Dir - straight line, f - orc priest
Aim: an orc priest, wielding a +0 mace and wearing a +0 leather armour (wandering, hasn't noticed you, 54% to hit)
You throw a large rock. The large rock closely misses the orc.
The large rock barely misses the orc.
The orc priest shouts!
The large rock hits the orc priest but does no damage.
The orc priest begins to cast a cantrip, but forgets the words!
Throw: 5 large rocks
Press: ? - help, Q - select action, (/) - cycle Shift-Dir - straight line, f/p - orc priest
Aim: an orc priest, wielding a +0 mace and wearing a +0 leather armour (54% to hit)
You throw a large rock. The large rock barely misses the orc.
The large rock hits the orc.
The orc is almost dead.
The orc closely misses you.
The orc priest invokes the aid of Beogh against you.
Beogh smites you!
Ouch! That really hurt!
The orc barely misses you.
Throw: 4 large rocks
Press: ? - help, Q - select action, (/) - cycle Shift-Dir - straight line, f/p - orc priest
Aim: an orc priest, wielding a +0 mace and wearing a +0 leather armour (54% to hit)
You throw a large rock. The large rock hits the orc.
The orc is severely wounded.
The orc hits you but does no damage.
The orc priest calls down the wrath of Beogh upon you.
Beogh smites you!
Ouch! That really hurt!
You die...

#..###########
.(.oooo@.....#
#..#########.#
#.# #.########
#........##
#######...#
#....# #....#
#.####


You could see an orc priest and 3 orcs.

Vanquished Creatures
  A worm (D:2)
  2 endoplasms (D:1)
  2 hobgoblins
  3 quokkas
  A ball python (D:1)
  2 bats (D:1)
  A frilled lizard (D:1)
  4 kobolds
  5 rats (D:1)
21 creatures vanquished.

Notes
Turn   | Place    | Note
-------+----------+-------------------------------------------
     0 | D:1      | GorkyZ the Troll Fighter began the quest for the Orb.
     0 | D:1      | Reached XP level 1. HP: 22/22 MP: 0/0
   269 | D:1      | Reached XP level 2. HP: 29/29 MP: 1/1
   772 | D:2      | Killed from afar by an orc priest

Illustrated notes

Levels and vault maps discovered:
D:1:      saegor_arrival_simple_a, layout_basic
D:2:      layout_loops_cross, minmay_stone_trees_small

Action                   || total
-------------------------++-------
Melee: Trident           ||    73
Throw: Large rock        ||    14
Armor: Robe              ||    29
Dodge: Dodged            ||    27
Block: Kite shield       ||    30
